 Dungeon Crawl Stone Soup version 0.23.2-1-ga50397a6bc (webtiles) character file.

Game seed: 13926829609589404027

678 LabCoat the Cleaver (level 7, 0/60 HPs)
             Began as a Hill Orc Fighter on May 24, 2019.
             Was an Initiate of Trog.
             Succumbed to a water moccasin's poison
             ... on level 6 of the Dungeon on May 25, 2019.
             The game lasted 00:25:20 (5615 turns).

LabCoat the Cleaver (Hill Orc Fighter)              Turns: 5615, Time: 00:25:21

Health: 0/60       AC: 10    Str: 20    XL:     7   Next: 60%
Magic:  16/16      EV:  7    Int:  8    God:    Trog [......]
Gold:   95         SH: 10    Dex: 11    Spells: 6/6 levels left

rFire    . . .     SeeInvis .   a - +0 war axe
rCold    . . .     Gourm    .   c - +1 shield
rNeg     . . .     Faith    .   b - +0 scale mail
rPois    .         Spirit   .   (no helmet)
rElec    .         Reflect  .   e - +1 cloak
rCorr    .         Harm     .   q - +0 pair of gloves
MR       .....                  (no boots)
Stlth    +.........             (no amulet)
HPRegen  0.20/turn              k - ring of magical power
MPRegen  0.15/turn              r - ring of stealth

@: lethally poisoned (0 -> -19), flying, very slightly contaminated, invisible
A: no striking features
a: Renounce Religion


You were on level 6 of the Dungeon.
You worshipped Trog.
Trog was noncommittal.
You were not hungry.

You visited 2 branches of the dungeon, and saw 7 of its levels.

You collected 238 gold pieces.
You spent 143 gold pieces at shops.

Inventory:

Hand Weapons
 a - a +0 war axe (weapon)
 y - a +0 flail
Missiles
 s - 6 tomahawks (quivered)
Armour
 b - a +0 scale mail (worn)
 c - a +1 shield (worn)
 e - a +1 cloak (worn)
 q - a +0 pair of gloves (worn)
Jewellery
 k - a ring of magical power (left hand)
 p - an uncursed ring of protection from magic {unknown}
 r - a ring of stealth (right hand)
Wands
 o - a wand of digging (5)
Scrolls
 h - 4 scrolls of fog {unknown}
 n - 2 scrolls of enchant armour
 t - 4 scrolls of teleportation
 u - a scroll of fear {unknown}
 w - 4 scrolls of remove curse
 A - a scroll of enchant weapon {unknown}
Potions
 d - a potion of might
 j - 2 potions of berserk rage
 m - 3 potions of agility
 x - a potion of brilliance
 B - a potion of ambrosia
Comestibles
 f - 6 rations
 v - 5 chunks of flesh


   Skills:
 + Level 4.5 Fighting
 * Level 8.0 Axes
 + Level 0.1 Throwing
 + Level 5.4 Armour
 + Level 4.7 Shields


You had 6 spell levels left.
You didn't know any spells.
Your spell library was empty.

Dungeon Overview and Level Annotations

Branches:
Dungeon (6/15)             Temple (1/1) D:4

Altars:
Ashenzari
Cheibriados
Elyvilon
Fedhas
Gozag
Hepliaklqana
Kikubaaqudgha
Makhleb
Nemelex Xobeh
Okawaru
Qazlal
Sif Muna
Trog
Vehumet
Wu Jian
Xom
Yredelemnul
Zin
The Shining One

Shops:
D:5 ?   D:6 (

Annotations:
D:5 1 runed translucent door, Valentain's ghost, novice HOFE


Message History

* * * LOW HITPOINT WARNING * * *
You feel very sick.
You bump into the rock wall.
* * * LOW HITPOINT WARNING * * *
You feel sick. The water moccasin barely misses you.
The water moccasin bites you but does no damage.
You feel less invigorated.
You feel less confused.
* * * LOW HITPOINT WARNING * * *
You feel sick.
* * * LOW HITPOINT WARNING * * *
You feel very sick.
It was a potion of flight.
You feel very buoyant.
You fly up into the air.
* * * LOW HITPOINT WARNING * * *
You feel sick. You block the water moccasin's attack.
The water moccasin closely misses you.
It was a potion of magic.
Magic courses through your body.
You die...

##.####.#<#...#.#.........
#.#######.#######.##
#.........# ###...#####
#...# #...# ...###...#
.........S# ....#####@# ..
#.......# #.......#
#.......# #.......#
#.......# #.......#
#.......#


You could see a water moccasin.

Vanquished Creatures
  An ice beast (D:6)
  2 centaurs (D:6)
  2 hounds
  An orc wizard (D:4)
  Crazy Yiuf (D:5)
  A centaur skeleton (D:6)
  3 worker ants
  12 adders
  A worm (D:4)
  14 dart slugs
  A leopard gecko (D:3)
  8 orcs
  3 ball pythons
  6 bats
  2 giant cockroaches
  4 goblins
  4 hobgoblins
  2 jackals (D:2)
  4 frilled lizards
  A giant cockroach zombie (D:5)
  6 kobolds
  2 leopard gecko skeletons
  5 rats
86 creatures vanquished.

Notes
Turn   | Place    | Note
-------+----------+-------------------------------------------
     0 | D:1      | LabCoat the Hill Orc Fighter began the quest for the Orb.
     0 | D:1      | Reached XP level 1. HP: 19/19 MP: 1/1
   275 | D:1      | Reached skill level 3 in Axes
   342 | D:1      | Reached XP level 2. HP: 19/27 MP: 2/2
   769 | D:2      | Reached XP level 3. HP: 33/33 MP: 3/3
  1027 | D:2      | Reached skill level 4 in Axes
  1234 | D:2      | Reached XP level 4. HP: 32/40 MP: 4/4
  1534 | D:2      | Found a snail-covered altar of Cheibriados.
  1928 | D:3      | Reached skill level 5 in Axes
  1934 | D:3      | Reached XP level 5. HP: 26/46 MP: 5/5
  2258 | D:3      | Found a shattered altar of Ashenzari.
  2385 | D:3      | Found a faded altar of an unknown god.
  2901 | D:3      | Found a deep blue altar of Sif Muna.
  3292 | D:4      | Found a staircase to the Ecumenical Temple.
  3404 | D:4      | Reached skill level 6 in Axes
  3414 | Temple   | Entered the Ecumenical Temple
  3473 | Temple   | Became a worshipper of Trog the Wrathful
  3659 | D:4      | Reached XP level 6. HP: 43/52 MP: 6/6
  4621 | D:5      | Entered Level 5 of the Dungeon
  4633 | D:5      | Found a runed translucent door.
  4640 | D:5      | Noticed Valentain's ghost (novice HOFE)
  4812 | D:5      | Found Ovy Uwal's Magic Scroll Shoppe.
  4815 | D:5      | Bought a scroll of identify for 26 gold pieces
  4815 | D:5      | Bought 2 scrolls of identify for 52 gold pieces
  4815 | D:5      | Bought a scroll of teleportation for 39 gold pieces
  4815 | D:5      | Bought a scroll of identify for 26 gold pieces
  4891 | D:5      | Found a shimmering altar of Xom.
  5037 | D:5      | Found a runed translucent door.
  5038 | D:5      | Noticed Crazy Yiuf
  5345 | D:5      | Killed Crazy Yiuf
  5345 | D:5      | Reached skill level 7 in Axes
  5392 | D:6      | Reached XP level 7. HP: 57/60 MP: 7/7
  5403 | D:6      | Reached skill level 5 in Armour
  5532 | D:6      | Found Tediphu's Weapon Shop.
  5585 | D:6      | Reached skill level 8 in Axes
  5607 | D:6      | HP: 2/60 [poisoned by a water moccasin]
  5613 | D:6      | HP: 3/60 [poisoned by a water moccasin]
  5614 | D:6      | HP: 1/60 [poisoned by a water moccasin]
  5615 | D:6      | Succumbed to a water moccasin's poison

Skill      XL: |  1  2  3  4  5  6  7 |
---------------+----------------------+-----
Axes           | 3 4 5 6 7 8 |  8.0
Fighting       | 4 |  4.5
Armour         | 4 5 |  5.4
Shields        | 4 |  4.7
Throwing       | |  0.1

Action                   |  1- 3 |  4- 6 |  7- 9 || total
-------------------------+-------+-------+-------++-------
Melee: War axe           |   108 |   198 |    35 ||   341
Throw: Tomahawk          |       |     2 |       ||     2
  Use: Scroll            |     1 |    10 |       ||    11
       Potion            |       |     1 |     6 ||     7
  Eat: Chunk             |     1 |     6 |       ||     7
       Ration            |       |     3 |       ||     3
Armor: Scale mail        |    50 |    92 |    14 ||   156
       Skin              |       |    50 |       ||    50
Dodge: Dodged            |    44 |    56 |    14 ||   114
Block: Shield            |    63 |   130 |    26 ||   219
